 Dungeon Crawl Stone Soup version 0.32-a0-931-g5a2cda0630 (webtiles) character file.

Game seed: 8646646438589446959

42 zazu2006 the Magician (level 3, 0/31 HPs)
             Began as a Gnoll Wanderer on Apr 13, 2024.
             Killed by divine providence
             ... invoked by an orc priest
              (14 damage)
             ... on level 3 of the Dungeon.
             The game lasted 00:04:50 (885 turns).

zazu2006 the Magician (Gnoll Wanderer)               Turns: 885, Time: 00:04:51

Health: 0/31       AC:  2    Str: 11    XL:     3   Next: 56%
Magic:  11/11      EV: 10    Int: 11    God:
Gold:   91         SH:  4    Dex: 13    Spells: 15/16 levels left

rFire   . . .        a - +0 dagger
rCold   + . .        c - +0 buckler
rNeg    . . .        e - +0 robe
rPois   .            (no helmet)
rElec   .            (no cloak)
rCorr   .            (no gloves)
SInv    .            (no boots)
Will    .....        (no amulet)
Stlth   ++           i - ring of protection from cold
HPRegen 0.25/turn    (no ring)
MPRegen 0.12/turn

%: no passive effects
@: no status effects
A: fangs 1, strong nose, distributed training
a: Convert to Beogh


You were on level 3 of the Dungeon.
You visited 1 branch of the dungeon, and saw 3 of its levels.

You collected 91 gold pieces.

Inventory:

Hand Weapons
 a - a +0 dagger (weapon)
 d - a +0 falchion
Armour
 c - a +0 buckler (worn)
 e - a +0 robe (worn)
Jewellery
 f - an amulet of guardian spirit
 i - a ring of protection from cold (left hand)
Scrolls
 b - a scroll of fear
 g - 2 scrolls of amnesia {unknown}
 h - a scroll of revelation {unknown}
 j - a scroll of identify {unknown}
 k - a scroll of poison {unknown}


   Skills:
 + Level 4.5 Fighting
 + Level 0.9 Short Blades
 + Level 0.9 Long Blades
 + Level 0.9 Axes
 + Level 0.9 Maces & Flails
 + Level 0.9 Polearms
 + Level 0.9 Staves
 + Level 0.9 Ranged Weapons
 + Level 0.9 Throwing
 + Level 0.9 Armour
 + Level 0.9 Dodging
 + Level 0.9 Stealth
 + Level 2.6 Shields
 + Level 6.5 Unarmed Combat
 + Level 7.1 Spellcasting
 + Level 0.6 Conjurations
 + Level 0.6 Hexes
 + Level 2.1 Summonings
 + Level 0.6 Necromancy
 + Level 0.6 Translocations
 + Level 0.6 Fire Magic
 + Level 0.6 Ice Magic
 + Level 0.6 Air Magic
 + Level 0.6 Earth Magic
 + Level 0.6 Alchemy
 + Level 1.0 Invocations
 + Level 0.9 Evocations
 + Level 0.7 Shapeshifting


You had 15 spell levels left.
You knew the following spells:

 Your Spells              Type           Power      Damage    Failure   Level
a - Summon Small Mammal   Summ           32%        N/A       10%         1

Your spell library contained the following spells:

 Spells                   Type           Power      Damage    Failure   Level
 Cigotuvi's Dreadful Rot  Necr/Alch/Air  10%        N/A       28%         2
 Call Canine Familiar     Summ           8%         N/A       30%         3
 Martyr's Knell           Necr/Summ      7%         N/A       80%         4
 Dispel Undead            Necr           5%         3d7       88%         4


Dungeon Overview and Level Annotations

Branches:
Dungeon (3/15)

Altars:


Innate Abilities, Weirdness & Mutations

You have very sharp teeth.
Your uncanny sense of smell can sniff out nearby items.
Your experience applies equally to all skills.


Message History

You are caught in a web!
Your rat bites the ribbon worm.
The web tears apart.
Your rat bites the ribbon worm.
You hit the ribbon worm.
The ribbon worm is severely wounded.
The ribbon worm completely misses you.
Your rat bites the ribbon worm.
You hit the ribbon worm.
The ribbon worm is almost dead.
The ribbon worm closely misses you.
Your rat bites the ribbon worm.
You hit the ribbon worm.
You kill the ribbon worm!
You swap places.
You see here a ribbon worm corpse.
As you open the door, it creaks loudly!
There is an open door here.
You swap places.
You open the door.
A quokka and an orc come into view.
An orc comes into view. It is wielding a +0 dagger.
The quokka closely misses you.
There is an open door here.
You hit the quokka but do no damage. You bite the quokka.
The quokka is lightly wounded.
Your rat disappears in a puff of smoke!
An orc priest comes into view. It is wielding a +0 hand axe.
The quokka bites you but does no damage.
You closely miss the quokka.
The orc priest shouts!
You bite the quokka, but do no damage.
The quokka is lightly wounded.
The quokka bites you.
You hit the quokka.
The quokka is almost dead.
You block the quokka's attack.
The orc priest calls down the wrath of Beogh upon you.
Beogh smites you! The quokka bites you.
The orc priest shouts, "Surrender to Beogh and we'll let you live!" (press Y on the ability menu to convert to Beogh)
The orc priest mumbles some strange prayers to Beogh against you.
Beogh smites you!
You die...

##.## ##.##
#.##.######
### ### #.##.#
..##.# ∆
#####.# #.# #
#.# ∆##. #.#
###...######.#
.'..o.o'or.@.#
###...##..####
##. #..# #
#..# #..# ....
.##### .


You could see an orc priest, 2 orcs and a quokka.

Vanquished Creatures
  An adder (D:2)
  A ribbon worm (D:3)
  A ball python (D:3)
  2 bats (D:2)
  2 endoplasms (D:3)
  2 giant cockroaches (D:2)
  A hobgoblin (D:1)
  4 jackals
  A frilled lizard (D:2)
  A rat (D:2)
16 creatures vanquished.

Vanquished Creatures (collateral kills)
  An endoplasm (D:3)
  2 giant cockroaches (D:2)
  2 jackals
  A quokka (D:2)
  A bat (D:3)
  A frilled lizard (D:2)
  2 kobolds (D:2)
  2 rats (D:2)
12 creatures vanquished.

Grand Total: 28 creatures vanquished

Notes
Turn   | Place    | Note
-------+----------+-------------------------------------------
     0 | D:1      | zazu2006 the Gnoll Wanderer began the quest for the Orb.
     0 | D:1      | zazu2006 set off with the following items: a +0 dagger, a
                  | scroll of fear, a +0 buckler, a scroll of blinking, a +0
                  | robe, a potion of haste; and the following spell memorised:
                  | Summon Small Mammal; and the following spells available to
                  | memorise: Call Canine Familiar.
     0 | D:1      | Reached XP level 1. HP: 20/20 MP: 8/8
   182 | D:1      | HP: 1/20 [jackal (1)]
   228 | D:1      | Reached XP level 2. HP: 5/26 MP: 7/10
   386 | D:2      | HP: 1/26 [poisoned by an adder]
   518 | D:2      | Reached XP level 3. HP: 22/31 MP: 7/11
   611 | D:3      | Reached skill level 1 in Invocations
   885 | D:3      | Killed from afar by an orc priest

Illustrated notes

Levels and vault maps discovered:
D:1:      dpeg_arrival_three_bigger_balls, layout_loops_corners,
          hellmonk_ecumenical_altar_zigzags, amcnicky_mini_pool_small,
          minmay_strange_pillars
D:2:      minmay_chambers_of_twos, layout_basic
D:3:      layout_basic, nicolae_hexahallways

Skill      XL: |  1  2  3 |
---------------+----------+-----
Summonings     | 2 |  2.1
Invocations    | 1 |  1.0
Fighting       | |  4.5
Short Blades   | |  0.9
Long Blades    | |  0.9
Axes           | |  0.9
Maces & Flails | |  0.9
Polearms       | |  0.9
Staves         | |  0.9
Ranged Weapons | |  0.9
Throwing       | |  0.9
Armour         | |  0.9
Dodging        | |  0.9
Stealth        | |  0.9
Shields        | |  2.6
Unarmed Combat | |  6.5
Spellcasting   | |  7.1
Conjurations   | |  0.6
Hexes          | |  0.6
Necromancy     | |  0.6
Translocations | |  0.6
Fire Magic     | |  0.6
Ice Magic      | |  0.6
Air Magic      | |  0.6
Earth Magic    | |  0.6
Alchemy        | |  0.6
Evocations     | |  0.9
Shapeshifting  | |  0.7

Action                     || total
---------------------------++-------
  Melee: Dagger            ||   110
         Bite              ||    15
   Cast: Summon Small Mamm ||    33
    Use: Potion            ||     1
         Scroll            ||     1
   Stab: Sleeping          ||     1
 Armour: Robe              ||   105
  Dodge: Dodged            ||    78
  Block: Buckler           ||    26

Table legend: (Time is in decaauts)
 A = Elapsed time spent in this place.
 B = Non-inter-level travel time spent in this place.
 C = Inter-level travel time spent in this place.
 D = Time resting spent in this place.
 E = Time spent auto-exploring this place.
 F = Levels seen in this place.
 G = Mean time per level.
                   A        B        C        D        E       F      G
               +--------+--------+--------+--------+--------+-----+--------+
         Total |    873 |    835 |     38 |      0 |    243 |   3 |  291.0 |
       Dungeon |    873 |    835 |     38 |      0 |    243 |   3 |  291.0 |
               +--------+--------+--------+--------+--------+-----+--------+

Top non-repeatable levels by time:
     D:2: 347 daAuts
     D:3: 310 daAuts
     D:1: 215 daAuts
